Map: Corrosion EC

Players

zuka - Winner!

  • Race: Protoss Protoss
  • League: Master
  • Spawn Location: 5:00

NetMech

  • Race: Terran Terran
  • Spawn Location: 11:00

VOD

https://youtu.be/KCWlBc1ysaE

Description

Time

  • Played on: May 21, 2018, 4:23 p.m.
  • Length: 5:38
Show
View Real Time Build Order
Export as new Build Order

zuka Protoss - Winner!

Build Orders:  

Get SALT Encoding   

  12  0:01  Probe  
  13  0:13  Probe  
  14  0:18  Pylon  
  14  0:21  Probe  
  15  0:32  Probe  
  15  0:40  Gateway  
  16  0:42  Probe  
  17  0:50  Assimilator  
  17  0:53  Probe  
  18  1:01  Probe  
  19  1:17  Probe  
  19  1:18  Gateway  
  19  1:24  Assimilator  
  20  1:29  Cybernetics Core  
  20  1:35  Zealot  
  22  1:40  Probe  
  23  1:48  Pylon  
  23  2:08  Stalker x2  
  27  2:11  Warp Gate  
  27  2:33  Shield Battery  
  27  2:36  Stalker  
  27  2:38  Stalker  
  30  2:58  Robotics Facility  
  30  3:06  Shield Battery  
  30  3:16  Probe  
  31  3:21  Pylon  
  31  3:36  Pylon  
  31  3:39  Pylon  
  31  3:47  Immortal  
  35  4:17  Zealot, Warp Prism  
  34  4:19  Stalker  
  30  4:46  Stalker x2  
  34  4:58  Immortal  
  34  5:09  Zealot  
  36  5:27  Stalker  
Show
View Real Time Build Order
Export as new Build Order

NetMech Terran 

Build Orders: Cyclone Opening 

Get SALT Encoding   

  12  0:00  SCV  
  13  0:13  SCV  
  14  0:17  Supply Depot  
  14  0:25  SCV  
  15  0:39  Barracks  
  15  0:43  Refinery  
  15  0:47  Refinery  
  15  0:51  SCV  
  16  1:03  SCV  
  17  1:15  SCV  
  18  1:28  Factory  
  18  1:30  Orbital Command  
  18  1:37  Barracks Reactor  
  18  1:46  Supply Depot  
  18  1:56  SCV  
  19  2:08  SCV  
  20  2:18  Cyclone x2  
  20  2:21  SCV  
  27  2:30  Supply Depot  
  27  2:33  SCV  
  28  2:53  Cyclone x2  
  28  2:56  SCV  
  35  3:08  SCV  
  35  3:09  Supply Depot  
  36  3:14  Barracks Tech Lab  
  33  3:20  SCV  
  34  3:36  SCV  
  34  3:38  Siege Tank  
  34  3:39  Marine x2  
  34  3:40  Starport  
  40  3:45  Supply Depot  
  40  3:49  SCV  
  41  4:01  SCV  
  42  4:10  Siege Tank  
  42  4:13  Marine x2  
  42  4:14  SCV  
  48  4:19  Medivac  
  50  4:29  SCV  
  50  4:30  Marine  
  52  4:33  Marine  
  43  4:47  SCV  
  43  4:48  Marine  
  37  5:00  Marine  
  37  5:02  SCV  
  37  5:06  Marine  
  35  5:18  Marine  
Tags
 
Add a new tag
Caveats
  • Supply blocks, unpowered buildings, or Contaminate may cause inaccurate times.
  • Supply counts are checked every 10 seconds.